 Dungeon Crawl Stone Soup version 0.31.0-1-g2c135a0 (webtiles) character file.

Game seed: 15641827717304098141

34 amalgent the Trooper (level 3, -1/33 HPs)
             Began as a Draconian Berserker on Jan 30, 2024.
             Was a Follower of Trog.
             Slain by Sigmund
             ... wielding a +2 scythe of flaming
              (3 damage)
             ... on level 2 of the Dungeon.
             The game lasted 00:09:32 (647 turns).

amalgent the Trooper (Draconian Berserker)           Turns: 647, Time: 00:09:33

Health: -1/33      AC:  5    Str: 19    XL:     3   Next: 14%
Magic:  3/3        EV: 12    Int:  7    God:    Trog [*.....]
Gold:   36         SH:  0    Dex: 12    Spells: 2/2 levels left

rFire   . . .        f - +3 dagger (speed)
rCold   . . .        (no shield)
rNeg    . . .        (body armour unavailable)
rPois   .            (helmet restricted)
rElec   .            (no cloak)
rCorr   .            (no gloves)
SInv    .            (no boots)
Will    .....        (no amulet)
Stlth   +            (no ring)
HPRegen 0.25/turn    (no ring)
MPRegen 0.08/turn

%: no passive effects
@: confused, on berserk cooldown, slowed, very slow
A: AC +5, unfitting armour, cold-blooded
a: Renounce Religion, Berserk


You were on level 2 of the Dungeon.
You worshipped Trog.
Trog was aware of your devotion.
You visited 1 branch of the dungeon, and saw 2 of its levels.

You collected 36 gold pieces.

Inventory:

Hand Weapons
 a - a +0 falchion
 f - a +3 dagger of speed (weapon)
Armour
 e - a +0 leather armour
 g - a +0 robe
Scrolls
 c - 3 scrolls of identify {unknown}
 d - a scroll of revelation {unknown}
 h - a scroll of poison {unknown}
Potions
 b - a potion of lignification {unknown}


   Skills:
 + Level 3.8 Fighting
 + Level 0.1(2.0) Short Blades
 + Level 3.3 Long Blades
 + Level 3.2 Dodging


You had 2 spell levels left.
You didn't know any spells.
Your spell library contained the following spells:

 Spells                   Type           Power      Damage    Failure   Level
 Fugue of the Fallen      Necr           0%         N/A       80%         3
 Ozocubu's Armour         Ice            0%         N/A       80%         3
 Manifold Assault         Tloc           0%         N/A       99%         4


Dungeon Overview and Level Annotations

Branches:
Dungeon (2/15)

Altars:

Annotations:
D:2 Sigmund


Innate Abilities, Weirdness & Mutations

Your plain brown scales are hard. (AC +5)
You cannot fit into any form of body armour.
You are cold-blooded and may be slowed by cold attacks.


Message History

You completely miss Sigmund.
Sigmund is moderately wounded.
You closely miss Sigmund.
Sigmund is moderately wounded.
You hit Sigmund. You tail-slap Sigmund.
Sigmund is severely wounded.
Sigmund gestures at you while chanting. You resist with significant effort.
You barely miss Sigmund.
Sigmund is severely wounded.
You hit Sigmund.
Sigmund is severely wounded.
Sigmund casts a spell at you.
You are confused.
You're too confused to move!
You're too confused to move!
You feel a strong urge to attack something.
You are no longer berserk.
You are exhausted.
You feel yourself slow down.
Sigmund hits you with a +2 scythe of flaming.
* * * LOW HITPOINT WARNING * * *
Sigmund burns you.
* * * LOW HITPOINT WARNING * * *
You hit Sigmund.
Your tail-slap misses Sigmund.
Sigmund is almost dead.
Sigmund asks, "Do you like me?" Sigmund barely misses you.
You see here a jackal corpse.
Sigmund points at you and mumbles some strange words.
You are more confused.
Sigmund closely misses you.
You're too confused to move!
Sigmund mumbles some strange words.
Sigmund flickers and vanishes!
Deactivating autopickup; reactivate with Ctrl-A.
Something hits you!
* * * LOW HITPOINT WARNING * * *
Something burns you.
You die...

#..............
#..............
#..............
#..............
#..............
#.............
#..)?..{......
#....†@†..#
#....†.†..#
#.....<...#
#....$........
#......$..####
#.........#
#.........#
#.........#
#.........#


There were no monsters in sight!

Vanquished Creatures
  A dart slug (D:1)
  2 endoplasms
  A giant cockroach (D:1)
  4 goblins (D:1)
  6 jackals
  4 quokkas
  4 bats (D:1)
  2 kobolds (D:1)
  3 rats
27 creatures vanquished.

Notes
Turn   | Place    | Note
-------+----------+-------------------------------------------
     0 | D:1      | amalgent the Draconian Berserker began the quest for the
                  | Orb.
     0 | D:1      | Reached XP level 1. HP: 19/19 MP: 1/1
   273 | D:1      | Reached XP level 2. HP: 26/26 MP: 2/2
   619 | D:2      | Noticed Sigmund
   628 | D:2      | Reached XP level 3. HP: 33/33 MP: 3/3
   647 | D:2      | Slain by Sigmund

Illustrated notes

Levels and vault maps discovered:
D:1:      minmay_arrival_wavy_path, layout_loops_ring
D:2:      layout_rooms, minmay_fractal_squares_gapless_5, uniq_sigmund,
          uniq_jessica

Skill      XL: |  1 |
---------------+----+-----
Dodging        | 3 |  3.2
Fighting       | |  3.8
Short Blades   | |  0.1
Long Blades    | |  3.3

Action                     || total
---------------------------++-------
  Melee: Falchion          ||    13
         Dagger            ||    64
         Tailslap          ||    10
 Invoke: Berserk           ||     2
 Armour: Skin              ||    37
  Dodge: Dodged            ||    40
